 Dungeon Crawl Stone Soup version 0.31.0-4-g52a2dc7128 (webtiles) character file.

Game seed: 11194290333089394543

708 stipulation the Grappler (level 7, -3/57 HPs)
             Began as a Ghoul Monk on Jan 21, 2024.
             Was a Priest of Wu Jian.
             Slain by a red devil
             ... wielding a +3 trident of protection
             ... summoned by a kobold demonologist
              (16 damage)
             ... on level 6 of the Dungeon.
             The game lasted 00:02:25 (3587 turns).

stipulation the Grappler (Ghoul Monk)               Turns: 3587, Time: 00:02:25

Health: -3/57      AC:  7    Str: 17    XL:     7   Next: 67%
Magic:  4/7        EV: 10    Int:  9    God:    Wu Jian [***...]
Gold:   344        SH:  0    Dex: 11    Spells: 6/6 levels left

rFire   . .          .
                       - Unarmed
rCold   + . .        c - orb {light}
rNeg    + + +        l - +0 scale mail
rPois   ∞            (no helmet)
rElec   .            (no cloak)
rCorr   .            (no gloves)
SInv    .            i - +0 pair of boots
Will    .....        (no amulet) Stlth
                     (no ring)
HPRegen 0.00/turn    (no ring)
MPRegen 0.10/turn

%: no passive effects
@: confused, spiked, inhibited regen, glowing
A: claws 1, cold resistance 1, negative energy resistance 3, inhibited
regeneration, torment resistance 2, devour on kill
a: Renounce Religion, Wall Jump, Serpent's Lash


You were on level 6 of the Dungeon.
You worshipped Wu Jian.
Wu Jian was most pleased with you.
You visited 1 branch of the dungeon, and saw 6 of its levels.

You collected 344 gold pieces.

Inventory:

Armour
 a - a +0 robe
 c - an orb of light (worn)
 i - a +0 pair of boots (worn)
 l - a +0 scale mail (worn)
Scrolls
 d - 2 scrolls of vulnerability
 h - 2 scrolls of torment
 n - a scroll of enchant weapon {unknown}
 o - a scroll of noise
 p - a scroll of enchant armour {unknown}
 q - a scroll of fear {unknown}
Potions
 b - a potion of ambrosia
 e - 4 potions of curing {unknown}
 f - 2 potions of might {unknown}
 g - 4 potions of heal wounds {unknown}
 j - a potion of invisibility {unknown}
 m - a potion of enlightenment {unknown}


   Skills:
 - Level 3.2 Fighting
 - Level 2.6 Dodging
 + Level 9.6 Unarmed Combat


You had 6 spell levels left.
You didn't know any spells.
Your spell library contained the following spells:

 Spells                   Type           Power      Damage    Failure   Level
 Freeze                   Ice            0%         1d3       83%         1
 Frozen Ramparts          Ice            0%         1d1       99%         3
 Gell's Gravitas          Tloc           0%         N/A       99%         3
 Hailstorm                Conj/Ice       0%         3d5       99%         3
 Teleport Other           Tloc           0%         N/A       99%         3
 Summon Forest            Summ/Tloc      0%         N/A       100%        5
 Dispersal                Tloc           0%         N/A       100%        6
 Eringya's Noxious Bog    Alch           0%         4d6       100%        6
 Summon Hydra             Summ           0%         N/A       100%        7


Dungeon Overview and Level Annotations

Branches:
Dungeon (6/15)
 Temple: D:4-7

Altars:
Ashenzari
Makhleb
Uskayaw
Wu Jian

Shops:
D:4 :

Annotations:
D:4 1 runed translucent door, ssalbiz's ghost, amateur MiBe


Innate Abilities, Weirdness & Mutations

You are immune to poison.
You have sharp fingernails.
Your flesh is cold resistant. (rC+)
You are immune to negative energy. (rN+++)
You do not regenerate when monsters are visible.
You are immune to unholy pain and torment.
You thrive by killing the living.


Message History

You kill the white imp!
The white imp disappears in a puff of smoke!
The kobold demonologist mumbles some strange words.
The hellwing swoops through the air toward you!
The hellwing barely misses you.
The hellwing hits you but does no damage.
You hear an angry hiss.
You claw the chaos spawn!
The chaos spawn is heavily wounded.
The hellwing hits you.
The hellwing hits you but does no damage.
The chaos spawn tail-slaps you.
You feel your power leaking away.
You claw the chaos spawn!
You kill the chaos spawn!
The chaos spawn degenerates into a cloud of primal chaos!
A water moccasin comes into view.
The kobold demonologist gestures wildly while chanting.
The hellwing hits you! The hellwing closely misses you.
The water moccasin hisses angrily.
Okay, then.
You lunge at the kobold demonologist.
You scratch the kobold demonologist but do no damage.
You are engulfed in seething chaos.
You hear a chilling moan.
The kobold demonologist closely misses you.
The red devil hits you from afar with a +3 trident of protection!
* * * LOW HITPOINT WARNING * * *
Barbed spikes become lodged in your body.
Items here: ) [ ††.
You scratch the kobold demonologist but do no damage.
You are engulfed in seething chaos.
You are confused.
Okay, then.
Unknown command.
You claw the kobold demonologist!
The kobold demonologist is moderately wounded.
The kobold demonologist casts a spell.
The red devil hits you from afar with a +3 trident of protection!
You die...

#.#....<..# #.#
#.#.#####.# #.#
####.#
#.....######.# ....#
####.......# #..#
#....#######
#..#####.#..## .
#........#...#
....###S########.#.#
......55K@4......#.#
.....##4##########.#
.... #.# #.. .#. #.#
### .. #.. . ..# ...
#..


You could see a hellwing (summoned), a kobold demonologist, a red devil
(summoned), a water moccasin, a white imp (summoned) and a shadow imp
(summoned).

Vanquished Creatures
  A black bear (D:5)
  A centaur (D:5)
  An ogre (D:5)
  A kobold brigand (D:6)
  A howler monkey (D:6)
  An orc priest (D:5)
  3 iguanas
  An orc wizard (D:6)
  10 adders
  4 gnolls (D:3)
  A shadow imp (D:5)
  A dart slug (D:5)
  A ribbon worm (D:2)
  6 orcs
  8 endoplasms
  2 giant cockroaches
  3 goblins
  8 hobgoblins
  4 jackals (D:5)
  8 kobolds
  2 quokkas
  8 ball pythons
  2 bats (D:1)
  7 frilled lizards
  3 rats
88 creatures vanquished.

Notes
Turn   | Place    | Note
-------+----------+-------------------------------------------
     0 | D:1      | stipulation the Ghoul Monk began the quest for the Orb.
     0 | D:1      | Reached XP level 1. HP: 19/19 MP: 1/1
    79 | D:1      | Reached XP level 2. HP: 17/26 MP: 2/2
   269 | D:1      | Reached skill level 4 in Unarmed Combat
   437 | D:1      | Found a faded altar of an unknown god.
   654 | D:2      | Reached XP level 3. HP: 19/31 MP: 3/3
   961 | D:2      | Reached skill level 5 in Unarmed Combat
  1191 | D:2      | Reached XP level 4. HP: 34/38 MP: 4/4
  1524 | D:3      | Found an ornate altar of the Wu Jian Council.
  1546 | D:3      | Became a worshipper of the Wu Jian Council
  1546 | D:3      | Reached * piety under Wu Jian
  1546 | D:3      | Reached ** piety under Wu Jian
  1664 | D:3      | Reached skill level 6 in Unarmed Combat
  1664 | D:3      | Reached XP level 5. HP: 42/45 MP: 5/5
  1690 | D:3      | Noticed a blizzard demon
  1691 | D:3      | Found a burning altar of Makhleb.
  1695 | D:3      | Noticed an angel
  1718 | D:3      | Found a hide-covered altar of Uskayaw.
  2169 | D:4      | Found Xefefeni's Book Emporium.
  2288 | D:4      | Found a runed translucent door.
  2290 | D:4      | Noticed ssalbiz's ghost (amateur MiBe)
  2358 | D:4      | Found a broken altar of Ashenzari.
  2466 | D:4      | Reached skill level 7 in Unarmed Combat
  2830 | D:5      | Entered Level 5 of the Dungeon
  2833 | D:5      | Noticed a centaur
  2838 | D:5      | Reached XP level 6. HP: 51/51 MP: 6/6
  3087 | D:5      | Noticed a black bear
  3100 | D:5      | Killed a black bear
  3101 | D:5      | Reached skill level 8 in Unarmed Combat
  3106 | D:5      | Reached XP level 7. HP: 29/57 MP: 7/7
  3560 | D:6      | Reached skill level 9 in Unarmed Combat
  3564 | D:6      | Noticed a kobold demonologist
  3565 | D:6      | Reached *** piety under Wu Jian
  3579 | D:6      | Noticed a chaos spawn
  3580 | D:6      | Noticed a hellwing
  3585 | D:6      | Noticed a red devil
  3587 | D:6      | Slain by a red devil

Illustrated notes

Levels and vault maps discovered:
D:1:      wander_arrival_lonely_grave, layout_rooms, serial_forest,
          infiniplex_forest_clump_long, infiniplex_forest_lined_ring,
          infiniplex_forest_clump_small, infiniplex_forest_clump_double,
          infiniplex_forest_clump_large, infiniplex_forest_end_2,
          infiniplex_forest_corner_2, infiniplex_forest_clump_large,
          infiniplex_forest_clump_curved, ebering_ecumenical_altar_mist
D:2:      layout_loops_ring, minmay_tree_intersection
D:3:      layout_basic, grunt_temple_overflow_order_and_chaos_2,
          nicolae_wu_jian_wuxing_cycle, tso_oasis_becter,
          eat_drink_and_be_merry_uskayaw
D:4:      layout_cave_pods, lemuel_crystal_altar, serial_shops,
          kennysheep_little_box, ebering_ghost_sewer_d
D:5:      layout_cave_pools, wad_floor_pattern_1
D:6:      layout_basic, minmay_temple_entry_statues_pillars,
          minmay_manual_macuahuitl, uniq_grinder

Skill      XL: |  1  2  3  4  5  6  7 |
---------------+----------------------+-----
Unarmed Combat | 4 5 6 7 8 9 |  9.6
Fighting       | |  3.2
Dodging        | |  2.6

Action                     |  1- 3 |  4- 6 |  7- 9 || total
---------------------------+-------+-------+-------++-------
  Melee: Unarmed           |    83 |   119 |    48 ||   250
Ability: Lunge             |       |     7 |     4 ||    11
         Whirlwind         |       |       |     3 ||     3
    Use: Scroll            |       |       |     3 ||     3
 Armour: Robe              |    43 |    16 |       ||    59
         Scale mail        |       |    41 |    31 ||    72
  Dodge: Dodged            |    48 |    64 |    18 ||   130
